 Dungeon Crawl Stone Soup version 0.21-a0-518-g43a1781 (webtiles) character file.

211 Gerstahl the Twirler (level 5, -7/43 HPs)
             Began as a Demonspawn Gladiator on Dec 5, 2017.
             Killed from afar by Ijyb (12 damage)
             ... with a wand of acid (3)
             ... on level 4 of the Dungeon.
             The game lasted 00:05:28 (2321 turns).

Gerstahl the Twirler (Demonspawn Gladiator)         Turns: 2321, Time: 00:05:29

Health: -7/43      AC:  6    Str: 15    XL:     5   Next: 57%
Magic:  0/5        EV: 16    Int:  9    God:
Gold:   105        SH:  0    Dex: 15    Spells: 4/4 levels left

rFire    . . .     SeeInvis .   a - +0 quarterstaff
rCold    . . .     Gourm    .   (shield currently unavailable)
rNeg     . . .     Faith    .   u - +1 leather armour {MR+}
rPois    .         Spirit   +   c - +0 helmet
rElec    .         Reflect  .   (no cloak)
rCorr    .         Harm     .   x - +0 pair of gloves
MR       +....                  (no boots)
Stlth    +.........             (no amulet)
HPRegen  0.14/turn              (no ring)
MPRegen  0.09/turn              (no ring)

@: no status effects
A: repulsion field 2, magic shield
a: no special abilities


You were on level 4 of the Dungeon.
You were not hungry.

You visited 1 branch of the dungeon, and saw 4 of its levels.

You collected 105 gold pieces.

Inventory:

Hand Weapons
 a - a +0 quarterstaff (weapon)
Missiles
 d - 4 throwing nets (quivered)
Armour
 b - a +0 leather armour
 c - a +0 helmet (worn)
 u - a +1 leather armour of magic resistance (worn)
 x - a +0 pair of gloves (worn)
Jewellery
 t - an uncursed amulet of faith
Scrolls
 j - 2 scrolls of remove curse {unknown}
 k - a scroll of noise {unknown}
 m - 2 scrolls of identify {unknown}
 n - a scroll of teleportation {unknown}
 p - a scroll of blinking {unknown}
 q - a scroll of immolation {unknown}
 v - a scroll of fog {unknown}
Potions
 e - a potion of haste {unknown}
 g - 4 potions of magic {unknown}
 i - a potion of degeneration {unknown}
 s - a potion of flight {unknown}
Books
 l - a book of Minor Magic

   Spells                             Type                      Level
   a - Magic Dart                     Conjuration                  1
   b - Blink                          Translocation                2
   c - Call Imp                       Summoning                    2
   d - Slow                           Hexes                        2
   e - Conjure Flame                  Conjuration/Fire             3
   f - Mephitic Cloud                 Conjuration/Poison/Air       3
Comestibles
 f - 2 bread rations
 h - a meat ration
 o - a royal jelly
 r - a fruit
 w - 2 chunks of flesh


   Skills:
 + Level 4.3 Fighting
 + Level 4.4 Staves
 - Level 1.7 Throwing
 + Level 0.1 Armour
 + Level 2.7 Dodging


You had 4 spell levels left.
You didn't know any spells.

Dungeon Overview and Level Annotations

Branches:
Dungeon (4/15)
 Temple: D:4-7

Altars:
Yredelemnul

Annotations:
D:3 Zenonira's ghost, amateur NaSk
D:4 Ijyb


Innate Abilities, Weirdness & Mutations

You are surrounded by a moderate repulsion field. (EV +3)
When hurt, damage is shared between your health and your magic reserves.


Message History

You hit Ijyb.
Ijyb is severely wounded.
Ijyb barely misses you. The jackal barely misses you.
Ijyb zaps a wand.
The bolt of acid hits you!
You are splashed with acid!
The acid burns!
The jackal misses you.
The jackal bites you but does no damage.
The jackal barely misses you. The jackal bites you. The jackal misses you.
The jackal closely misses you.
Ijyb screams, "Get away!"
Ijyb zaps a wand.
The bolt of acid hits the jackal.
The jackal is splashed with acid.
The acid corrodes the jackal!
The jackal dies!
The bolt of acid hits you!
You are splashed with acid!
The acid burns!
* * * LOW HITPOINT WARNING * * *
A jackal comes into view.
The jackal closely misses you.
Ijyb zaps a wand.
The bolt of acid hits the jackal.
The jackal is splashed with acid.
The jackal dies!
The bolt of acid hits you!
You die...

#..###...
##.###.......%.#
+...##.........#
###.##.........#
#.##.........#
#..#.........#
##.#.........#
#.#..<.....)#
#.@.†g......#
##.h........#
#...####+#!$
##h.# ....
##..## ##>. ####


You could see Ijyb and 2 jackals.

Vanquished Creatures
  A centaur skeleton (D:4)
  2 iguanas
  A hound skeleton (D:4)
  3 adders
  An ooze (D:2)
  2 worms (D:2)
  6 dart slugs
  A leopard gecko (D:2)
  2 orcs (D:3)
  3 ball pythons
  10 bats
  5 giant cockroaches
  8 goblins
  6 hobgoblins
  5 jackals (D:3)
  5 frilled lizards
  6 kobolds
  2 rats (D:1)
69 creatures vanquished.

Vanquished Creatures (others)
  2 jackals (D:4)
2 creatures vanquished.

Grand Total: 71 creatures vanquished

Notes
Turn   | Place    | Note
-------+----------+-------------------------------------------
     0 | D:1      | Gerstahl the Demonspawn Gladiator began the quest for the Orb.
     0 | D:1      | Reached XP level 1. HP: 16/16 MP: 1/1
   150 | D:1      | Gained mutation: You are surrounded by a mild repulsion field. (EV +2) [demonic ancestry]
   150 | D:1      | Reached XP level 2. HP: 18/23 MP: 2/2
   632 | D:2      | Reached XP level 3. HP: 21/28 MP: 3/3
  1242 | D:3      | Gained mutation: You are surrounded by a moderate repulsion field. (EV +3) [demonic ancestry]
  1242 | D:3      | Reached XP level 4. HP: 31/35 MP: 4/4
  1664 | D:3      | Noticed Zenonira's ghost (amateur NaSk)
  1811 | D:3      | Found a basalt altar of Yredelemnul.
  1834 | D:3      | Gained mutation: When hurt, damage is shared between your health and your magic reserves. [demonic ancestry]
  1834 | D:3      | Reached XP level 5. HP: 42/42 MP: 5/5
  2311 | D:4      | Noticed Ijyb
  2321 | D:4      | Killed from afar by Ijyb

Vault maps used:
D:1:      doesnt_arrival_eight_statues
D:2:      first_bread
D:3:      led_sif_pool, nicolae_overflow_crystal_walls
D:4:      uniq_ijyb

Skill      XL: |  1  2  3  4  5 |
---------------+----------------+-----
Staves         | 3 4 |  4.4
Fighting       | 3 4 |  4.3
Throwing       | |  1.7
Armour         | |  0.1
Dodging        | |  2.7

Action                   |  1- 3 |  4- 6 || total
-------------------------+-------+-------++-------
Melee: Quarterstaff      |   112 |   116 ||   228
 Stab: Sleeping          |     1 |       ||     1
  Eat: Chunk             |       |     5 ||     5
Armor: Leather armour    |    36 |    39 ||    75
Dodge: Dodged            |    99 |   101 ||   200

Table legend:
 A = Spawn XP
 B = Non-spawn XP
 C = Spawn XP percentage of total XP
 D = Spawn monster count
 E = Non-spawn monster count
 F = Spawn count percentage of total count
 G = Total turns spent on level
                    A         B        C        D         E        F      G
               +---------+---------+-------+---------+---------+-------+---------
         Total |       0 |     302 |   0.0 |       0 |      69 |   0.0 |  2321
               +---------+---------+-------+---------+---------+-------+---------
           D:1 |       0 |      39 |   0.0 |       0 |      20 |   0.0 |   624
           D:2 |       0 |      55 |   0.0 |       0 |      19 |   0.0 |   616
           D:3 |       0 |     109 |   0.0 |       0 |      24 |   0.0 |   818
           D:4 |       0 |      99 |   0.0 |       0 |       6 |   0.0 |   263
               +---------+---------+-------+---------+---------+-------+---------
